AoeStats
← WaggonWheel7820

Arabia

504117003Analyzed
1v1 RM · 27d ago on Sep 4, 2026· 31m 27s· 2 players
Game mode
Random Map
Map size
Tiny (2 player)
Population
200
Speed
Normal
Resources
Standard
Victory
Conquest
Starting age
Dark Age
Ending age
Imperial Age
RankedLock teamsTeams togetherTeam positionsShared explorationLock speedFull tech treeHidden civsTurbo modeCheats
Victory
Defeat
🇨🇴 Spanish · Colombia
468
+7
🇬🇧 Franks · United Kingdom
258
-7
WaggonWheel7820
0:46 Loom
12:24 Feudal Age
14:38 Double-Bit Axe
17:29 Arson
Tito18699
9:58 Feudal Age
10:40 Double-Bit Axe
17:04 Castle Age
18:13 Wheelbarrow
20:17 Scale Mail Armor
21:46 Pikeman
22:27 Squires
24:59 Husbandry
26:16 Hand Cart
25:47 Loom
25:48 Town Watch
25:46 Horse Collar
26:07 Arson
Connection lost

Rejoining the realm…

Still unreachable

The connection could not be restored.

Session expired

The server has moved on; the page needs a fresh start.